Vancouver Canucks vs Edmonton Oilers
Created - Wednesday, October 11, 2023 at 07:12
Goals
|
| Vancouver Canucks |
0 |
1 |
2 |
1 |
4 |
| Edmonton Oilers |
0 |
3 |
0 |
0 |
3 |
|
Shots
|
| Vancouver Canucks |
13 |
11 |
16 |
4 |
44 |
| Edmonton Oilers |
4 |
16 |
4 |
2 |
26 |
|
1st period
No Goal
Penalties :
Jakob Silfverberg (EDM) for Tripping (Minor) at 6:21, Mikko Rantanen (VAN) for Hooking (Minor) at 9:57
2nd period
1. Edmonton Oilers , Adrian Kempe 14 (Boone Jenner 18) at 0:35
2. Edmonton Oilers , Jeff Carter 5 (David Perron 10, Brock Boeser 6) at 10:51
3. Vancouver Canucks , Noah Hanifin 1 (Robby Fabbri 10) at 12:13
4. Edmonton Oilers , David Farrance 1 (Boone Jenner 19, Mikael Backlund 22) at 15:25 (PP)
Penalties :
Jesperi Kotkaniemi (VAN) for Tripping (Minor) at 1:53, Derek Grant (EDM) for Hooking (Minor) at 7:39, Miro Heiskanen (VAN) for Hooking (Minor) at 14:11, Mikko Rantanen (VAN) for High sticking (Minor) at 18:12
3rd period
5. Vancouver Canucks , Clayton Keller 14 (Mikko Rantanen 23, Jesperi Kotkaniemi 15) at 2:39 (PP)
6. Vancouver Canucks , Sam Lafferty 4 (Anton Lundell 5, Noah Cates 2) at 17:04
Penalties :
Boone Jenner (EDM) for Hooking (Minor) at 2:29, Clayton Keller (VAN) for Hooking (Minor) at 3:38, Juuse Saros (EDM) for Delaying the game (Minor) at 10:50 - Noel Gunler served the penalty, Brandon Carlo (EDM) for Interference (Minor) at 10:59, Boone Jenner (EDM) for Hooking (Minor) at 13:26, Derek Grant (EDM) for Cross-checking (Minor) at 17:24
Overtime #1
7. Vancouver Canucks , Casey Mittelstadt 3 (Artturi Lehkonen 15) at 2:23
Penalties :
No Penalty
Goalie Stats
Joonas Korpisalo (VAN), 23 saves from 26 shots - (0.885), W, 16-7-3, 62:23 minutes
Juuse Saros (EDM), 40 saves from 44 shots - (0.909), OTL, 11-9-3, 62:23 minutes
Players Stats for Vancouver Canucks
Player Name G A P +/- PIM S H SB GA TA FO MP PP MP PK MP
------------------------------------------------------------------------------------
Adam Boqvist 0 0 0 0 0 1 0 1 0 0 0/0 16:55 0:00 0:16
Aleksander Barkov 0 0 0 0 0 2 0 1 0 0 13/23 13:34 0:00 0:00
Anton Lundell 0 1 1 1 0 1 1 0 1 1 0/1 13:34 4:18 3:26
Artturi Lehkonen 0 1 1 0 0 6 1 0 0 0 1/1 17:12 4:18 0:00
Casey Mittelstadt 1 0 1 1 0 5 1 0 0 1 0/1 17:32 4:18 3:33
Clayton Keller 1 0 1 0 2 5 1 0 2 1 1/4 21:06 5:53 0:09
Jacob Bryson 0 0 0 0 0 1 1 0 0 0 0/0 8:17 0:00 0:00
Jake Bean 0 0 0 1 0 0 3 1 1 0 0/0 22:45 7:00 3:02
Jesperi Kotkaniemi 0 1 1 0 2 2 1 0 0 0 7/14 15:31 5:39 0:35
Kasperi Kapanen 0 0 0 -1 0 2 3 0 1 1 2/2 12:59 0:17 0:00
Mikko Rantanen 0 1 1 0 4 4 2 1 1 0 5/7 22:56 5:56 1:04
Miro Heiskanen 0 0 0 0 2 4 0 2 0 0 0/0 30:01 7:00 2:46
Noah Cates 0 1 1 1 0 0 2 0 0 0 1/1 9:57 0:00 4:52
Noah Hanifin 1 0 1 1 0 1 6 1 0 1 0/0 26:03 3:14 6:08
Olli Maatta 0 0 0 0 0 1 3 1 0 0 0/0 20:44 3:14 6:08
Robby Fabbri 0 1 1 -1 0 5 2 0 0 0 5/11 12:38 0:03 0:00
Sam Lafferty 1 0 1 1 0 3 2 0 0 0 4/7 9:56 0:00 4:41
Taylor Raddysh 0 0 0 0 0 1 1 0 1 0 0/0 8:37 0:00 0:00
Players Stats for Edmonton Oilers
Player Name G A P +/- PIM S H SB GA TA FO MP PP MP PK MP
------------------------------------------------------------------------------------
Adrian Kempe 1 0 1 0 0 3 2 1 0 2 12/24 21:08 4:32 4:05
Boone Jenner 0 2 2 -1 4 2 2 0 1 0 1/1 21:09 4:32 3:13
Brandon Carlo 0 0 0 1 2 1 1 2 0 2 0/0 19:26 0:00 3:29
Brett Pesce 0 0 0 -3 0 0 0 1 1 0 0/0 24:07 4:44 6:03
Brock Boeser 0 1 1 0 0 2 1 0 0 0 1/5 16:17 0:03 4:12
David Farrance 1 0 1 -2 0 1 1 2 0 0 0/0 22:08 4:44 5:04
David Perron 0 1 1 -1 0 2 0 1 1 0 10/24 17:41 0:00 5:11
Dawson Mercer 0 0 0 0 0 4 1 0 1 1 3/8 15:43 4:35 0:00
Derek Grant 0 0 0 0 4 1 1 0 0 0 1/2 12:04 0:00 1:03
Evan Bouchard 0 0 0 0 0 0 2 2 0 0 0/0 17:52 0:00 3:52
Jacob Trouba 0 0 0 1 0 0 2 3 0 1 0/0 22:23 4:26 1:18
Jakob Silfverberg 0 0 0 0 2 0 1 2 0 0 1/1 15:33 4:35 0:00
Jakub Voracek 0 0 0 0 0 1 0 0 0 0 2/3 7:05 0:00 0:02
Jeff Carter 1 0 1 0 0 3 1 0 0 0 2/4 14:41 4:01 0:00
Mikael Backlund 0 1 1 0 0 4 2 0 0 0 0/0 16:02 4:32 0:00
Noel Gunler 0 0 0 0 0 1 0 0 0 1 0/0 6:53 0:00 0:05
Paul Stastny 0 0 0 0 0 1 0 0 0 0 0/0 8:18 0:40 0:47
Scott Mayfield 0 0 0 1 0 0 0 1 1 0 0/0 18:52 4:26 0:41
3 Stars
1 - Noah Hanifin (VAN)
2 - Sam Lafferty (VAN)
3 - Casey Mittelstadt (VAN)
Power Play
Vancouver Canucks - 1 on 7 Attempt(s) - 14.29%
Edmonton Oilers - 1 on 5 Attempt(s) - 20.00%
Penalty Kill
Vancouver Canucks - 4 on 5 Attempt(s) - 80.00%
- Score 0 goal in Penalty Kill
Edmonton Oilers - 6 on 7 Attempt(s) - 85.71%
- Score 0 goal in Penalty Kill
Team Stat
Vancouver Canucks - Hits : 30 - Faceoff Wins : 39 - Blocked Shots : 8 - Penalty Minutes : 10
Edmonton Oilers - Hits : 17 - Faceoff Wins : 33 - Blocked Shots : 15 - Penalty Minutes : 14
Official
Referees : Rob Martell and Brad Watson
Linesman : Brandon Gawryletz and Greg Devorski
Game Notes
No Game Note
Finance
Level 1 -- Attendance: 6000 (100.00%) -- Ticket Income $540,000
Level 2 -- Attendance: 4494 (89.88%) -- Ticket Income $224,700
Level 3 -- Attendance: 2892 (96.40%) -- Ticket Income $86,760
Level 4 -- Attendance: 5000 (100.00%) -- Ticket Income $100,000
Luxury Box -- Attendance: 885 (88.50%) -- Ticket Income $168,150
Game was played at the Rexall Place.
Total Attendance: 19271 (96.36%)
Total Ticket Income: $1,119,610
Other Income: $391,864
Total Income: $1,511,474
Vancouver Canucks
5 vs 5 Forward
Center Left Wing Right Wing Time % Phy DF OF
1 Aleksander Barkov Clayton Keller Mikko Rantanen 40 1 2 2
2 Robby Fabbri Artturi Lehkonen Kasperi Kapanen 30 1 2 2
3 Jesperi Kotkaniemi Casey Mittelstadt Taylor Raddysh 20 1 2 2
4 Noah Cates Anton Lundell Sam Lafferty 10 1 2 2
5 vs 5 Defense
Defense Defense Time % Phy DF OF
1 Adam Boqvist Miro Heiskanen 40 1 2 2
2 Jake Bean Noah Hanifin 30 1 2 2
3 Jacob Bryson Olli Maatta 20 1 2 2
4 Noah Hanifin Miro Heiskanen 10 1 2 2
PowerPlay Forward
Center Left Wing Right Wing Time % Phy DF OF
1 Jesperi Kotkaniemi Clayton Keller Mikko Rantanen 60 0 1 4
2 Casey Mittelstadt Anton Lundell Artturi Lehkonen 40 0 1 4
PowerPlay Defense
Defense Defense Time % Phy DF OF
1 Miro Heiskanen Jake Bean 60 0 1 4
2 Noah Hanifin Olli Maatta 40 0 1 4
Penalty Kill 4 Players Forward
Center Wing Time % Phy DF OF
1 Sam Lafferty Noah Cates 60 1 3 1
2 Casey Mittelstadt Anton Lundell 40 1 3 1
Penalty Kill 4 Players Defense
Defense Defense Time % Phy DF OF
1 Noah Hanifin Olli Maatta 60 1 3 1
2 Miro Heiskanen Jake Bean 40 1 3 1
Penalty Kill - 3 Players Forward
Forward Time % Phy DF OF
1 Noah Cates 60 1 3 1
2 Sam Lafferty 40 1 3 1
Penalty Kill - 3 Players Defense
Defense Defense Time % Phy DF OF
1 Noah Hanifin Olli Maatta 60 1 3 1
2 Miro Heiskanen Jake Bean 40 1 3 1
4 vs 4 Forward
Center Wing Time % Phy DF OF
1 Clayton Keller Mikko Rantanen 60 1 2 2
2 Anton Lundell Artturi Lehkonen 40 1 2 2
4 vs 4 Defense
Defense Defense Time % Phy DF OF
1 Miro Heiskanen Noah Hanifin 60 1 2 2
2 Olli Maatta Jake Bean 40 1 2 2
Last Minutes Offensive
Center Left Wing Right Wing Defense Defense
Anton Lundell Clayton Keller Mikko Rantanen Miro Heiskanen Noah Hanifin
Last Minutes Defensive
Center Left Wing Right Wing Defense Defense
Sam Lafferty Noah Cates Artturi Lehkonen Noah Hanifin Olli Maatta
Goaltenders
Starting : Joonas Korpisalo
Backup : Ville Husso
Extra Forwards
Normal : Mikko Rantanen, Anton Lundell, Artturi Lehkonen - PP : Clayton Keller, Kasperi Kapanen - PK : Mikko Rantanen
Extra Defensemen
Normal : Miro Heiskanen, Noah Hanifin, Olli Maatta - PP : Jake Bean - PK : Noah Hanifin, Adam Boqvist
Penalty Shots
Miro Heiskanen, Anton Lundell, Jesperi Kotkaniemi, Artturi Lehkonen, Mikko Rantanen
Edmonton Oilers
5 vs 5 Forward
Center Left Wing Right Wing Time % Phy DF OF
1 Adrian Kempe Boone Jenner Mikael Backlund 31 1 2 2
2 David Perron Brock Boeser Jeff Carter 31 1 2 2
3 Dawson Mercer Jakob Silfverberg Derek Grant 25 1 2 2
4 Jakub Voracek Paul Stastny Noel Gunler 13 1 2 2
5 vs 5 Defense
Defense Defense Time % Phy DF OF
1 Jacob Trouba Scott Mayfield 32 1 2 2
2 Brandon Carlo Evan Bouchard 32 1 2 2
3 Brett Pesce David Farrance 26 1 3 1
4 Jacob Trouba Brandon Carlo 10 1 4 0
PowerPlay Forward
Center Left Wing Right Wing Time % Phy DF OF
1 Adrian Kempe Boone Jenner Mikael Backlund 50 0 0 5
2 Jeff Carter Dawson Mercer Jakob Silfverberg 50 0 0 5
PowerPlay Defense
Defense Defense Time % Phy DF OF
1 Brett Pesce David Farrance 50 0 1 4
2 Scott Mayfield Jacob Trouba 50 0 1 4
Penalty Kill 4 Players Forward
Center Wing Time % Phy DF OF
1 David Perron Adrian Kempe 50 1 4 0
2 Brock Boeser Boone Jenner 50 1 4 0
Penalty Kill 4 Players Defense
Defense Defense Time % Phy DF OF
1 David Farrance Brett Pesce 55 1 4 0
2 Evan Bouchard Brandon Carlo 45 1 4 0
Penalty Kill - 3 Players Forward
Forward Time % Phy DF OF
1 David Perron 50 1 4 0
2 Derek Grant 50 1 4 0
Penalty Kill - 3 Players Defense
Defense Defense Time % Phy DF OF
1 Brandon Carlo Jacob Trouba 55 1 4 0
2 David Farrance Brett Pesce 45 1 4 0
4 vs 4 Forward
Center Wing Time % Phy DF OF
1 David Perron Boone Jenner 50 0 2 3
2 Adrian Kempe Brock Boeser 50 0 2 3
4 vs 4 Defense
Defense Defense Time % Phy DF OF
1 Jacob Trouba Brandon Carlo 50 0 3 2
2 Brett Pesce Evan Bouchard 50 1 3 1
Last Minutes Offensive
Center Left Wing Right Wing Defense Defense
Adrian Kempe Boone Jenner David Perron Brett Pesce David Farrance
Last Minutes Defensive
Center Left Wing Right Wing Defense Defense
Adrian Kempe Boone Jenner David Perron Brett Pesce David Farrance
Goaltenders
Starting : Juuse Saros
Backup : Matt Murray
Extra Forwards
Normal : Jakub Voracek, Paul Stastny, Noel Gunler - PP : Adrian Kempe, Boone Jenner - PK : David Perron
Extra Defensemen
Normal : David Farrance, Jacob Trouba, Brandon Carlo - PP : Scott Mayfield - PK : Brett Pesce, Scott Mayfield
Penalty Shots
Jakub Voracek, Paul Stastny, Noel Gunler, Adrian Kempe, Boone Jenner
% Time on Ice - Vancouver Canucks
Lines # - Real PCT - Wanted PCT - Time Play
Normal Forward
1 - 37% - 40% - 15:09
2 - 31% - 30% - 12:24
3 - 21% - 20% - 8:37
4 - 11% - 10% - 4:26
Normal Defense
1 - 46% - 40% - 18:48
2 - 30% - 30% - 12:10
3 - 20% - 20% - 8:17
4 - 3% - 10% - 1:21
PP Forward
1 - 58% - 60% - 5:56
2 - 42% - 40% - 4:18
PP Defense
1 - 68% - 60% - 7:00
2 - 32% - 40% - 3:14
PK Forward
1 - 76% - 60% - 6:59
2 - 24% - 40% - 2:11
PK Defense
1 - 67% - 60% - 6:08
2 - 33% - 40% - 3:02
PK3 Forward
1 - 0% - 60%
2 - 0% - 40%
PK3 Defense
1 - 0% - 60%
2 - 0% - 40%
44 Forward
1 - 86% - 60% - 2:03
2 - 14% - 40% - 0:20
44 Defense
1 - 68% - 60% - 1:37
2 - 32% - 40% - 0:46
Last Minute Offensive - 0:00
Last Minute Defensive - 0:00
Total
Forward - 62:23
Defense - 62:23
|
% Time on Ice - Edmonton Oilers
Lines # - Real PCT - Wanted PCT - Time Play
Normal Forward
1 - 29% - 31% - 11:40
2 - 28% - 31% - 11:26
3 - 26% - 25% - 10:42
4 - 17% - 13% - 6:48
Normal Defense
1 - 38% - 32% - 15:21
2 - 34% - 32% - 13:40
3 - 25% - 26% - 10:07
4 - 4% - 10% - 1:28
PP Forward
1 - 49% - 50% - 4:32
2 - 51% - 50% - 4:38
PP Defense
1 - 52% - 50% - 4:44
2 - 48% - 50% - 4:26
PK Forward
1 - 49% - 50% - 4:07
2 - 51% - 50% - 4:17
PK Defense
1 - 57% - 55% - 4:45
2 - 43% - 45% - 3:39
PK3 Forward
1 - 47% - 50% - 0:52
2 - 53% - 50% - 0:58
PK3 Defense
1 - 90% - 55% - 1:39
2 - 10% - 45% - 0:11
44 Forward
1 - 64% - 50% - 1:31
2 - 36% - 50% - 0:52
44 Defense
1 - 60% - 50% - 1:26
2 - 40% - 50% - 0:57
Last Minute Offensive - 0:00
Last Minute Defensive - 0:00
Total
Forward - 62:23
Defense - 62:23
|
Play-by-Play
1st period
0:01 of 1st period - Adrian Kempe wins face-off versus Aleksander Barkov in neutral zone.
0:08 of 1st period - Off-side.
0:09 of 1st period - Adrian Kempe wins face-off versus Mikko Rantanen in neutral zone.
0:12 of 1st period - Snap shot by Boone Jenner.
0:12 of 1st period - Shot Blocked by Miro Heiskanen.
0:14 of 1st period - Slapshot by Mikael Backlund.
0:14 of 1st period - Shot Hit the Post.
0:16 of 1st period - Slapshot by Mikael Backlund.
0:16 of 1st period - Shot Blocked by Aleksander Barkov.
0:39 of 1st period - Off-side.
0:40 of 1st period - David Perron wins face-off versus Robby Fabbri in neutral zone.
0:47 of 1st period - Backhand shot by Jeff Carter.
0:47 of 1st period - Shot Misses the Net.
0:49 of 1st period - Slapshot by Jeff Carter.
0:49 of 1st period - Stopped by Joonas Korpisalo without a rebound.
0:50 of 1st period - Robby Fabbri wins face-off versus David Perron in Vancouver Canucks zone.
1:31 of 1st period - Snap shot by Artturi Lehkonen.
1:31 of 1st period - Shot Misses the Net.
1:39 of 1st period - Snap shot by Artturi Lehkonen.
1:39 of 1st period - Deflect By Robby Fabbri.
1:39 of 1st period - Stopped by Juuse Saros with a rebound.
2:25 of 1st period - Snap shot by Robby Fabbri.
2:25 of 1st period - Stopped by Juuse Saros without a rebound.
2:26 of 1st period - Jakob Silfverberg wins face-off versus Jesperi Kotkaniemi in Edmonton Oilers zone.
2:26 of 1st period - Jakob Silfverberg is hit by Casey Mittelstadt.
2:51 of 1st period - Icing by Jesperi Kotkaniemi.
2:52 of 1st period - Jakub Voracek wins face-off versus Aleksander Barkov in Vancouver Canucks zone.
3:05 of 1st period - Jacob Trouba is hit by Olli Maatta.
3:09 of 1st period - Wrist shot by Aleksander Barkov.
3:09 of 1st period - Shot Blocked by Jacob Trouba.
3:19 of 1st period - Adam Boqvist is hit by Jacob Trouba and loses puck.
4:48 of 1st period - Snap shot by Aleksander Barkov.
4:48 of 1st period - Stopped by Juuse Saros with a rebound.
4:50 of 1st period - Slapshot by Noah Hanifin.
4:50 of 1st period - Shot Blocked by Brandon Carlo.
6:00 of 1st period - Snap shot by Paul Stastny.
6:00 of 1st period - Shot Misses the Net.
6:14 of 1st period - Wrist shot by Taylor Raddysh.
6:14 of 1st period - Shot Misses the Net.
6:16 of 1st period - Snap shot by Jesperi Kotkaniemi.
6:16 of 1st period - Stopped by Juuse Saros with a rebound.
6:21 of 1st period - Minor Penalty to Jakob Silfverberg for Tripping.
6:22 of 1st period - Jesperi Kotkaniemi wins face-off versus David Perron in Edmonton Oilers zone.
6:22 of 1st period - Snap shot by Mikko Rantanen.
6:22 of 1st period - Stopped by Juuse Saros without a rebound.
6:23 of 1st period - Mikko Rantanen wins face-off versus David Perron in Edmonton Oilers zone.
8:21 of 1st period - Penalty to Jakob Silfverberg is over, Jakob Silfverberg is back on ice.
9:01 of 1st period - Artturi Lehkonen is hit by Dawson Mercer and loses puck.
9:23 of 1st period - Mikael Backlund is hit by Noah Cates and loses puck.
9:34 of 1st period - Snap shot by Paul Stastny.
9:34 of 1st period - Stopped by Joonas Korpisalo without a rebound.
9:35 of 1st period - Jakub Voracek wins face-off versus Jesperi Kotkaniemi in Vancouver Canucks zone.
9:36 of 1st period - Slapshot by Paul Stastny.
9:36 of 1st period - Shot Misses the Net.
9:57 of 1st period - Minor Penalty to Mikko Rantanen for Hooking.
9:58 of 1st period - Sam Lafferty wins face-off versus Adrian Kempe in Vancouver Canucks zone.
10:11 of 1st period - Noah Hanifin is hit by Boone Jenner and loses puck.
10:24 of 1st period - Jakob Silfverberg is hit by Sam Lafferty and loses puck.
11:57 of 1st period - Penalty to Mikko Rantanen is over, Mikko Rantanen is back on ice.
12:06 of 1st period - Anton Lundell is hit by Jeff Carter and loses puck.
12:17 of 1st period - Snap shot by Artturi Lehkonen.
12:17 of 1st period - Stopped by Juuse Saros without a rebound.
12:18 of 1st period - Robby Fabbri wins face-off versus Jakub Voracek in Edmonton Oilers zone.
12:43 of 1st period - Miro Heiskanen is hit by Brandon Carlo and loses puck.
13:08 of 1st period - Evan Bouchard is hit by Jesperi Kotkaniemi and loses puck.
13:47 of 1st period - Slapshot by Sam Lafferty.
13:47 of 1st period - Stopped by Juuse Saros with a rebound.
13:49 of 1st period - Slapshot by Anton Lundell.
13:49 of 1st period - Shot Misses the Net.
13:51 of 1st period - Slapshot by Noah Hanifin.
13:51 of 1st period - Deflect By Anton Lundell.
13:51 of 1st period - Stopped by Juuse Saros with a rebound.
14:17 of 1st period - Brett Pesce is hit by Jacob Bryson and loses puck.
14:56 of 1st period - Slapshot by Brock Boeser.
14:56 of 1st period - Shot Misses the Net.
15:06 of 1st period - Evan Bouchard is hit by Sam Lafferty.
15:57 of 1st period - Evan Bouchard is hit by Noah Hanifin.
16:01 of 1st period - David Perron is hit by Kasperi Kapanen and loses puck.
16:23 of 1st period - Snap shot by Casey Mittelstadt.
16:23 of 1st period - Shot Misses the Net.
16:39 of 1st period - Slapshot by Dawson Mercer.
16:39 of 1st period - Stopped by Joonas Korpisalo with a rebound.
16:45 of 1st period - Scott Mayfield is hit by Noah Cates and loses puck.
17:17 of 1st period - Snap shot by Casey Mittelstadt.
17:17 of 1st period - Stopped by Juuse Saros with a rebound.
17:19 of 1st period - Snap shot by Casey Mittelstadt.
17:19 of 1st period - Stopped by Juuse Saros with a rebound.
17:48 of 1st period - Jacob Bryson is hit by Evan Bouchard and loses puck.
18:11 of 1st period - Wrist shot by Clayton Keller.
18:11 of 1st period - Shot Blocked by Evan Bouchard.
18:13 of 1st period - Snap shot by Mikko Rantanen.
18:13 of 1st period - Shot Blocked by Brandon Carlo.
18:15 of 1st period - Snap shot by Olli Maatta.
18:15 of 1st period - Stopped by Juuse Saros without a rebound.
18:16 of 1st period - Aleksander Barkov wins face-off versus David Perron in Edmonton Oilers zone.
18:17 of 1st period - Wrist shot by Clayton Keller.
18:17 of 1st period - Stopped by Juuse Saros without a rebound.
18:18 of 1st period - Mikko Rantanen wins face-off versus David Perron in Edmonton Oilers zone.
18:43 of 1st period - Dawson Mercer is hit by Kasperi Kapanen and loses puck.
19:10 of 1st period - Wrist shot by Jakub Voracek.
19:10 of 1st period - Shot Blocked by Miro Heiskanen.
19:12 of 1st period - Snap shot by Noel Gunler.
19:12 of 1st period - Stopped by Joonas Korpisalo with a rebound.
19:14 of 1st period - Slapshot by Scott Mayfield.
19:14 of 1st period - Shot Blocked by Adam Boqvist.
19:34 of 1st period - Sam Lafferty is hit by Boone Jenner and loses puck.
19:57 of 1st period - Snap shot by Aleksander Barkov.
19:57 of 1st period - Stopped by Juuse Saros without a rebound.
19:58 of 1st period - Aleksander Barkov wins face-off versus David Perron in Edmonton Oilers zone.
Goals for this period are 0 for Vancouver Canucks vs 0 for Edmonton Oilers.
Shots for this period are 13 for Vancouver Canucks vs 4 for Edmonton Oilers.
2nd period
0:01 of 2nd period - Aleksander Barkov wins face-off versus David Perron in neutral zone.
0:04 of 2nd period - Brandon Carlo is hit by Mikko Rantanen and loses puck.
0:26 of 2nd period - Miro Heiskanen is hit by Adrian Kempe and loses puck.
0:35 of 2nd period - Wrist shot by Adrian Kempe.
0:35 of 2nd period - Goal by Adrian Kempe - Vancouver Canucks : 0 - Edmonton Oilers : 1.
0:36 of 2nd period - Aleksander Barkov wins face-off versus David Perron in neutral zone.
0:39 of 2nd period - Jeff Carter is hit by Mikko Rantanen and loses puck.
1:09 of 2nd period - Miro Heiskanen is hit by Jacob Trouba and loses puck.
1:16 of 2nd period - Snap shot by Brock Boeser.
1:16 of 2nd period - Shot Misses the Net.
1:28 of 2nd period - Slapshot by Brock Boeser.
1:28 of 2nd period - Shot Misses the Net.
1:34 of 2nd period - Snap shot by David Perron.
1:34 of 2nd period - Stopped by Joonas Korpisalo with a rebound.
1:36 of 2nd period - Snap shot by David Perron.
1:36 of 2nd period - Shot Misses the Net.
1:42 of 2nd period - Snap shot by David Perron.
1:42 of 2nd period - Shot Misses the Net.
1:46 of 2nd period - Snap shot by David Perron.
1:46 of 2nd period - Stopped by Joonas Korpisalo with a rebound.
1:53 of 2nd period - Minor Penalty to Jesperi Kotkaniemi for Tripping.
1:54 of 2nd period - Noah Cates wins face-off versus Adrian Kempe in Vancouver Canucks zone.
1:54 of 2nd period - Noah Cates is hit by Mikael Backlund.
2:25 of 2nd period - Noah Hanifin is hit by David Farrance and loses puck.
2:42 of 2nd period - Adrian Kempe is hit by Noah Hanifin and loses puck.
3:53 of 2nd period - Penalty to Jesperi Kotkaniemi is over, Jesperi Kotkaniemi is back on ice.
4:23 of 2nd period - David Perron is hit by Robby Fabbri and loses puck.
5:07 of 2nd period - Slapshot by Evan Bouchard.
5:07 of 2nd period - Shot Misses the Net.
5:31 of 2nd period - Boone Jenner is hit by Taylor Raddysh and loses puck.
6:03 of 2nd period - Icing by David Perron.
6:04 of 2nd period - Robby Fabbri wins face-off versus Dawson Mercer in Edmonton Oilers zone.
6:07 of 2nd period - Snap shot by Artturi Lehkonen.
6:07 of 2nd period - Shot Misses the Net.
6:23 of 2nd period - Icing by Derek Grant.
6:24 of 2nd period - Mikko Rantanen wins face-off versus Dawson Mercer in Edmonton Oilers zone.
6:27 of 2nd period - Wrist shot by Clayton Keller.
6:27 of 2nd period - Shot Misses the Net.
6:41 of 2nd period - Snap shot by Jakob Silfverberg.
6:41 of 2nd period - Shot Misses the Net.
6:45 of 2nd period - Wrist shot by Dawson Mercer.
6:45 of 2nd period - Stopped by Joonas Korpisalo without a rebound.
6:46 of 2nd period - Adrian Kempe wins face-off versus Robby Fabbri in Vancouver Canucks zone.
7:39 of 2nd period - Minor Penalty to Derek Grant for Hooking.
7:40 of 2nd period - Mikko Rantanen wins face-off versus Brock Boeser in Edmonton Oilers zone.
8:16 of 2nd period - Snap shot by Artturi Lehkonen.
8:16 of 2nd period - Stopped by Juuse Saros without a rebound.
8:17 of 2nd period - Jesperi Kotkaniemi wins face-off versus Brock Boeser in Edmonton Oilers zone.
8:28 of 2nd period - Slapshot by Boone Jenner.
8:28 of 2nd period - Stopped by Joonas Korpisalo with a rebound.
8:34 of 2nd period - Brandon Carlo is hit by Noah Hanifin.
8:51 of 2nd period - Slapshot by Miro Heiskanen.
8:51 of 2nd period - Shot Misses the Net.
9:31 of 2nd period - David Farrance is hit by Noah Hanifin and loses puck.
9:39 of 2nd period - Penalty to Derek Grant is over, Derek Grant is back on ice.
10:11 of 2nd period - Snap shot by Jakub Voracek.
10:11 of 2nd period - Stopped by Joonas Korpisalo with a rebound.
10:39 of 2nd period - Snap shot by Kasperi Kapanen.
10:39 of 2nd period - Deflect By Artturi Lehkonen.
10:39 of 2nd period - Stopped by Juuse Saros without a rebound.
10:40 of 2nd period - David Perron wins face-off versus Robby Fabbri in Edmonton Oilers zone.
10:51 of 2nd period - Slapshot by David Perron.
10:51 of 2nd period - Deflect By Jeff Carter.
10:51 of 2nd period - Goal by Jeff Carter - Vancouver Canucks : 0 - Edmonton Oilers : 2.
10:52 of 2nd period - Adrian Kempe wins face-off versus Aleksander Barkov in neutral zone.
11:20 of 2nd period - Icing by Artturi Lehkonen.
11:21 of 2nd period - Dawson Mercer wins face-off versus Robby Fabbri in Vancouver Canucks zone.
11:34 of 2nd period - Slapshot by Artturi Lehkonen.
11:34 of 2nd period - Stopped by Juuse Saros with a rebound.
11:36 of 2nd period - Slapshot by Robby Fabbri.
11:36 of 2nd period - Shot Misses the Net.
11:38 of 2nd period - Wrist shot by Artturi Lehkonen.
11:38 of 2nd period - Deflect By Kasperi Kapanen.
11:38 of 2nd period - Stopped by Juuse Saros without a rebound.
11:39 of 2nd period - Adrian Kempe wins face-off versus Aleksander Barkov in Edmonton Oilers zone.
11:45 of 2nd period - Off-side.
11:46 of 2nd period - Adrian Kempe wins face-off versus Aleksander Barkov in neutral zone.
12:03 of 2nd period - Off-side.
12:04 of 2nd period - David Perron wins face-off versus Robby Fabbri in neutral zone.
12:06 of 2nd period - Off-side.
12:07 of 2nd period - Robby Fabbri wins face-off versus Brock Boeser in neutral zone.
12:09 of 2nd period - Off-side.
12:10 of 2nd period - Robby Fabbri wins face-off versus Jeff Carter in neutral zone.
12:13 of 2nd period - Snap shot by Noah Hanifin.
12:13 of 2nd period - Goal by Noah Hanifin - Vancouver Canucks : 1 - Edmonton Oilers : 2.
12:14 of 2nd period - Aleksander Barkov wins face-off versus Adrian Kempe in neutral zone.
12:17 of 2nd period - Adrian Kempe is hit by Noah Hanifin and loses puck.
12:44 of 2nd period - Off-side.
12:45 of 2nd period - David Perron wins face-off versus Aleksander Barkov in neutral zone.
12:58 of 2nd period - Snap shot by Brock Boeser.
12:58 of 2nd period - Stopped by Joonas Korpisalo with a rebound.
13:02 of 2nd period - Snap shot by Brock Boeser.
13:02 of 2nd period - Stopped by Joonas Korpisalo with a rebound.
13:04 of 2nd period - Wrist shot by Brock Boeser.
13:04 of 2nd period - Shot Misses the Net.
13:06 of 2nd period - Slapshot by Brett Pesce.
13:06 of 2nd period - Shot Misses the Net.
13:08 of 2nd period - Snap shot by Jeff Carter.
13:08 of 2nd period - Stopped by Joonas Korpisalo with a rebound.
13:10 of 2nd period - Wrist shot by Brock Boeser.
13:10 of 2nd period - Deflect By Jeff Carter.
13:10 of 2nd period - Shot Misses the Net.
13:10 of 2nd period - Puck is out of play.
13:11 of 2nd period - Adrian Kempe wins face-off versus Robby Fabbri in Vancouver Canucks zone.
13:22 of 2nd period - Slapshot by Artturi Lehkonen.
13:22 of 2nd period - Shot Hit the Post.
13:36 of 2nd period - Brandon Carlo is hit by Jake Bean and loses puck.
13:43 of 2nd period - Slapshot by Casey Mittelstadt.
13:43 of 2nd period - Shot Misses the Net.
13:45 of 2nd period - Wrist shot by Jesperi Kotkaniemi.
13:45 of 2nd period - Shot Blocked by Jakob Silfverberg.
14:05 of 2nd period - Wrist shot by David Perron.
14:05 of 2nd period - Shot Misses the Net.
14:11 of 2nd period - Minor Penalty to Miro Heiskanen for Hooking.
14:12 of 2nd period - Jeff Carter wins face-off versus Sam Lafferty in Vancouver Canucks zone.
14:13 of 2nd period - Wrist shot by Dawson Mercer.
14:13 of 2nd period - Stopped by Joonas Korpisalo without a rebound.
14:14 of 2nd period - Jeff Carter wins face-off versus Sam Lafferty in Vancouver Canucks zone.
14:43 of 2nd period - Slapshot by Jacob Trouba.
14:43 of 2nd period - Shot Misses the Net.
15:09 of 2nd period - Wrist shot by Jakob Silfverberg.
15:09 of 2nd period - Deflect By Dawson Mercer.
15:09 of 2nd period - Deflect By Anton Lundell.
15:09 of 2nd period - Shot Misses the Net.
15:09 of 2nd period - Puck is out of play.
15:10 of 2nd period - Adrian Kempe wins face-off versus Sam Lafferty in Vancouver Canucks zone.
15:17 of 2nd period - Wrist shot by Adrian Kempe.
15:17 of 2nd period - Deflect By Boone Jenner.
15:17 of 2nd period - Stopped by Joonas Korpisalo with a rebound.
15:21 of 2nd period - Snap shot by Mikael Backlund.
15:21 of 2nd period - Stopped by Joonas Korpisalo with a rebound.
15:23 of 2nd period - Snap shot by Boone Jenner.
15:23 of 2nd period - Shot Misses the Net.
15:25 of 2nd period - Slapshot by David Farrance.
15:25 of 2nd period - Goal by David Farrance - Vancouver Canucks : 1 - Edmonton Oilers : 3.
15:26 of 2nd period - Aleksander Barkov wins face-off versus Adrian Kempe in neutral zone.
15:37 of 2nd period - Slapshot by Mikko Rantanen.
15:37 of 2nd period - Stopped by Juuse Saros with a rebound.
15:39 of 2nd period - Snap shot by Mikko Rantanen.
15:39 of 2nd period - Stopped by Juuse Saros without a rebound.
15:40 of 2nd period - Adrian Kempe wins face-off versus Aleksander Barkov in Edmonton Oilers zone.
16:31 of 2nd period - Wrist shot by Casey Mittelstadt.
16:31 of 2nd period - Shot Misses the Net.
16:33 of 2nd period - Snap shot by Taylor Raddysh.
16:33 of 2nd period - Stopped by Juuse Saros with a rebound.
16:35 of 2nd period - Wrist shot by Jesperi Kotkaniemi.
16:35 of 2nd period - Stopped by Juuse Saros without a rebound.
16:36 of 2nd period - Aleksander Barkov wins face-off versus Adrian Kempe in Edmonton Oilers zone.
16:37 of 2nd period - Slapshot by Clayton Keller.
16:37 of 2nd period - Stopped by Juuse Saros without a rebound.
16:38 of 2nd period - Aleksander Barkov wins face-off versus Adrian Kempe in Edmonton Oilers zone.
16:49 of 2nd period - Snap shot by Aleksander Barkov.
16:49 of 2nd period - Shot Misses the Net.
16:51 of 2nd period - Slapshot by Jacob Bryson.
16:51 of 2nd period - Stopped by Juuse Saros with a rebound.
17:23 of 2nd period - Icing by Dawson Mercer.
17:24 of 2nd period - Aleksander Barkov wins face-off versus Dawson Mercer in Edmonton Oilers zone.
18:07 of 2nd period - Wrist shot by Derek Grant.
18:07 of 2nd period - Stopped by Joonas Korpisalo without a rebound.
18:08 of 2nd period - Aleksander Barkov wins face-off versus Adrian Kempe in Vancouver Canucks zone.
18:12 of 2nd period - Minor Penalty to Mikko Rantanen for High sticking.
18:13 of 2nd period - Sam Lafferty wins face-off versus Adrian Kempe in Vancouver Canucks zone.
18:26 of 2nd period - Wrist shot by Mikael Backlund.
18:26 of 2nd period - Stopped by Joonas Korpisalo with a rebound.
Goals for this period are 1 for Vancouver Canucks vs 3 for Edmonton Oilers.
Shots for this period are 11 for Vancouver Canucks vs 16 for Edmonton Oilers.
3rd period
0:01 of 3rd period - Sam Lafferty wins face-off versus Adrian Kempe in neutral zone.
0:12 of 3rd period - Penalty to Mikko Rantanen is over, Mikko Rantanen is back on ice.
0:16 of 3rd period - Snap shot by Mikko Rantanen.
0:16 of 3rd period - Shot Misses the Net.
0:30 of 3rd period - Mikko Rantanen is hit by Derek Grant and loses puck.
0:39 of 3rd period - Wrist shot by Jakob Silfverberg.
0:39 of 3rd period - Shot Hit the Post.
0:41 of 3rd period - Slapshot by Dawson Mercer.
0:41 of 3rd period - Stopped by Joonas Korpisalo with a rebound.
0:43 of 3rd period - Slapshot by Brandon Carlo.
0:43 of 3rd period - Shot Blocked by Noah Hanifin.
1:01 of 3rd period - Wrist shot by Robby Fabbri.
1:01 of 3rd period - Stopped by Juuse Saros without a rebound.
1:02 of 3rd period - Jesperi Kotkaniemi wins face-off versus Adrian Kempe in Edmonton Oilers zone.
1:15 of 3rd period - Snap shot by Casey Mittelstadt.
1:15 of 3rd period - Shot Blocked by Adrian Kempe.
1:17 of 3rd period - Snap shot by Jesperi Kotkaniemi.
1:17 of 3rd period - Shot Misses the Net.
1:29 of 3rd period - Kasperi Kapanen is hit by Brock Boeser and loses puck.
1:52 of 3rd period - Snap shot by Miro Heiskanen.
1:52 of 3rd period - Stopped by Juuse Saros with a rebound.
1:55 of 3rd period - Icing by Derek Grant.
1:56 of 3rd period - Aleksander Barkov wins face-off versus Dawson Mercer in Edmonton Oilers zone.
2:08 of 3rd period - Snap shot by Mikko Rantanen.
2:08 of 3rd period - Shot Blocked by Scott Mayfield.
2:22 of 3rd period - Boone Jenner is hit by Robby Fabbri and loses puck.
2:27 of 3rd period - Wrist shot by Robby Fabbri.
2:27 of 3rd period - Stopped by Juuse Saros with a rebound.
2:29 of 3rd period - Minor Penalty to Boone Jenner for Hooking.
2:30 of 3rd period - Jesperi Kotkaniemi wins face-off versus David Perron in Edmonton Oilers zone.
2:39 of 3rd period - Snap shot by Clayton Keller.
2:39 of 3rd period - Goal by Clayton Keller - Vancouver Canucks : 2 - Edmonton Oilers : 3.
2:40 of 3rd period - Adrian Kempe wins face-off versus Aleksander Barkov in neutral zone.
2:45 of 3rd period - Wrist shot by Adrian Kempe.
2:45 of 3rd period - Stopped by Joonas Korpisalo with a rebound.
2:47 of 3rd period - Snap shot by Mikael Backlund.
2:47 of 3rd period - Stopped by Joonas Korpisalo with a rebound.
2:49 of 3rd period - Wrist shot by Evan Bouchard.
2:49 of 3rd period - Shot Misses the Net.
2:51 of 3rd period - Slapshot by Evan Bouchard.
2:51 of 3rd period - Shot Blocked by Jake Bean.
2:53 of 3rd period - Wrist shot by Mikael Backlund.
2:53 of 3rd period - Stopped by Joonas Korpisalo without a rebound.
2:54 of 3rd period - Mikko Rantanen wins face-off versus David Perron in Vancouver Canucks zone.
3:20 of 3rd period - Artturi Lehkonen is hit by Mikael Backlund and loses puck.
3:29 of 3rd period - Slapshot by Adam Boqvist.
3:29 of 3rd period - Stopped by Juuse Saros without a rebound.
3:30 of 3rd period - Aleksander Barkov wins face-off versus David Perron in Edmonton Oilers zone.
3:38 of 3rd period - Minor Penalty to Clayton Keller for Hooking.
3:39 of 3rd period - Sam Lafferty wins face-off versus Jeff Carter in Vancouver Canucks zone.
3:50 of 3rd period - Wrist shot by Noah Cates.
3:50 of 3rd period - Shot Misses the Net.
3:52 of 3rd period - Snap shot by Sam Lafferty.
3:52 of 3rd period - Shot Blocked by David Farrance.
3:54 of 3rd period - Slapshot by Noah Hanifin.
3:54 of 3rd period - Shot Blocked by Brett Pesce.
4:04 of 3rd period - Noah Cates is hit by Adrian Kempe and loses puck.
5:38 of 3rd period - Penalty to Clayton Keller is over, Clayton Keller is back on ice.
5:50 of 3rd period - Brett Pesce is hit by Kasperi Kapanen and loses puck.
6:21 of 3rd period - Evan Bouchard is hit by Olli Maatta.
6:33 of 3rd period - Scott Mayfield is hit by Artturi Lehkonen and loses puck.
6:54 of 3rd period - David Perron is hit by Jake Bean and loses puck.
7:13 of 3rd period - Snap shot by Taylor Raddysh.
7:13 of 3rd period - Shot Blocked by Jakob Silfverberg.
7:50 of 3rd period - Icing by Adam Boqvist.
7:51 of 3rd period - Dawson Mercer wins face-off versus Clayton Keller in Vancouver Canucks zone.
8:12 of 3rd period - Jesperi Kotkaniemi is hit by Evan Bouchard and loses puck.
8:19 of 3rd period - Snap shot by David Perron.
8:19 of 3rd period - Shot Misses the Net.
8:33 of 3rd period - Slapshot by Robby Fabbri.
8:33 of 3rd period - Stopped by Juuse Saros with a rebound.
8:35 of 3rd period - Backhand shot by Kasperi Kapanen.
8:35 of 3rd period - Stopped by Juuse Saros without a rebound.
8:36 of 3rd period - Aleksander Barkov wins face-off versus Adrian Kempe in Edmonton Oilers zone.
9:14 of 3rd period - Backhand shot by Robby Fabbri.
9:14 of 3rd period - Deflect By Artturi Lehkonen.
9:14 of 3rd period - Stopped by Juuse Saros with a rebound.
9:27 of 3rd period - Off-side.
9:28 of 3rd period - Dawson Mercer wins face-off versus Jesperi Kotkaniemi in neutral zone.
9:37 of 3rd period - Jesperi Kotkaniemi is hit by Jakob Silfverberg and loses puck.
10:46 of 3rd period - Snap shot by Casey Mittelstadt.
10:46 of 3rd period - Shot Misses the Net.
10:48 of 3rd period - Slapshot by Miro Heiskanen.
10:48 of 3rd period - Shot Blocked by David Farrance.
10:50 of 3rd period - Slapshot by Miro Heiskanen.
10:50 of 3rd period - Deflect By Jakub Voracek.
10:50 of 3rd period - Stopped by Juuse Saros without a rebound.
10:50 of 3rd period - Minor Penalty to Juuse Saros for Delaying the game.
10:51 of 3rd period - Kasperi Kapanen wins face-off versus Brock Boeser in Edmonton Oilers zone.
10:59 of 3rd period - Minor Penalty to Brandon Carlo for Interference.
11:00 of 3rd period - Jesperi Kotkaniemi wins face-off versus David Perron in Edmonton Oilers zone.
11:00 of 3rd period - Wrist shot by Mikko Rantanen.
11:00 of 3rd period - Deflect By Clayton Keller.
11:00 of 3rd period - Shot Blocked by Jacob Trouba.
11:00 of 3rd period - Puck is out of play.
11:01 of 3rd period - David Perron wins face-off versus Jesperi Kotkaniemi in Edmonton Oilers zone.
11:12 of 3rd period - Snap shot by Mikko Rantanen.
11:12 of 3rd period - Stopped by Juuse Saros without a rebound.
11:13 of 3rd period - Jesperi Kotkaniemi wins face-off versus Derek Grant in Edmonton Oilers zone.
11:26 of 3rd period - Snap shot by Mikko Rantanen.
11:26 of 3rd period - Shot Blocked by Jacob Trouba.
12:50 of 3rd period - Penalty to Noel Gunler is over, Noel Gunler is back on ice.
12:59 of 3rd period - Penalty to Brandon Carlo is over, Brandon Carlo is back on ice.
13:01 of 3rd period - Icing by Mikko Rantanen.
13:02 of 3rd period - Kasperi Kapanen wins face-off versus Adrian Kempe in Vancouver Canucks zone.
13:13 of 3rd period - Brandon Carlo is hit by Olli Maatta and loses puck.
13:26 of 3rd period - Minor Penalty to Boone Jenner for Hooking.
13:27 of 3rd period - David Perron wins face-off versus Jesperi Kotkaniemi in Edmonton Oilers zone.
13:32 of 3rd period - Snap shot by Mikko Rantanen.
13:32 of 3rd period - Shot Misses the Net.
13:34 of 3rd period - Slapshot by Jake Bean.
13:34 of 3rd period - Shot Misses the Net.
13:36 of 3rd period - Snap shot by Clayton Keller.
13:36 of 3rd period - Stopped by Juuse Saros without a rebound.
13:37 of 3rd period - Adrian Kempe wins face-off versus Jesperi Kotkaniemi in Edmonton Oilers zone.
13:49 of 3rd period - Brett Pesce is hit by Clayton Keller.
14:23 of 3rd period - Evan Bouchard is hit by Jake Bean and loses puck.
14:30 of 3rd period - Slapshot by Clayton Keller.
14:30 of 3rd period - Shot Misses the Net.
14:32 of 3rd period - Wrist shot by Clayton Keller.
14:32 of 3rd period - Stopped by Juuse Saros without a rebound.
14:33 of 3rd period - Brock Boeser wins face-off versus Casey Mittelstadt in Edmonton Oilers zone.
15:26 of 3rd period - Penalty to Boone Jenner is over, Boone Jenner is back on ice.
16:05 of 3rd period - Icing by Brock Boeser.
16:06 of 3rd period - David Perron wins face-off versus Aleksander Barkov in Edmonton Oilers zone.
16:12 of 3rd period - Off-side.
16:13 of 3rd period - Derek Grant wins face-off versus Aleksander Barkov in neutral zone.
17:02 of 3rd period - Snap shot by Sam Lafferty.
17:02 of 3rd period - Stopped by Juuse Saros with a rebound.
17:04 of 3rd period - Snap shot by Sam Lafferty.
17:04 of 3rd period - Goal by Sam Lafferty - Vancouver Canucks : 3 - Edmonton Oilers : 3.
17:05 of 3rd period - Jesperi Kotkaniemi wins face-off versus Dawson Mercer in neutral zone.
17:24 of 3rd period - Minor Penalty to Derek Grant for Cross-checking.
17:25 of 3rd period - David Perron wins face-off versus Jesperi Kotkaniemi in Edmonton Oilers zone.
18:17 of 3rd period - Slapshot by Miro Heiskanen.
18:17 of 3rd period - Stopped by Juuse Saros with a rebound.
18:19 of 3rd period - Wrist shot by Casey Mittelstadt.
18:19 of 3rd period - Stopped by Juuse Saros without a rebound.
18:20 of 3rd period - David Perron wins face-off versus Mikko Rantanen in Edmonton Oilers zone.
18:39 of 3rd period - Boone Jenner is hit by Noah Hanifin and loses puck.
19:24 of 3rd period - Penalty to Derek Grant is over, Derek Grant is back on ice.
19:51 of 3rd period - Jacob Trouba is hit by Anton Lundell and loses puck.
19:59 of 3rd period - Icing by Scott Mayfield.
Goals for this period are 2 for Vancouver Canucks vs 0 for Edmonton Oilers.
Shots for this period are 16 for Vancouver Canucks vs 4 for Edmonton Oilers.
Overtime #1
0:01 of 1st overtime period - David Perron wins face-off versus Clayton Keller in neutral zone.
0:04 of 1st overtime period - Slapshot by Brandon Carlo.
0:04 of 1st overtime period - Stopped by Joonas Korpisalo without a rebound.
0:05 of 1st overtime period - Clayton Keller wins face-off versus David Perron in Vancouver Canucks zone.
0:28 of 1st overtime period - Wrist shot by Boone Jenner.
0:28 of 1st overtime period - Shot Misses the Net.
0:40 of 1st overtime period - Slapshot by Clayton Keller.
0:40 of 1st overtime period - Shot Misses the Net.
0:42 of 1st overtime period - Wrist shot by Miro Heiskanen.
0:42 of 1st overtime period - Stopped by Juuse Saros without a rebound.
0:43 of 1st overtime period - Adrian Kempe wins face-off versus Clayton Keller in Edmonton Oilers zone.
0:52 of 1st overtime period - Snap shot by Adrian Kempe.
0:52 of 1st overtime period - Shot Misses the Net.
0:54 of 1st overtime period - Snap shot by Adrian Kempe.
0:54 of 1st overtime period - Shot Misses the Net.
0:56 of 1st overtime period - Snap shot by Adrian Kempe.
0:56 of 1st overtime period - Stopped by Joonas Korpisalo with a rebound.
0:58 of 1st overtime period - Slapshot by Brett Pesce.
0:58 of 1st overtime period - Shot Blocked by Mikko Rantanen.
1:00 of 1st overtime period - Slapshot by Evan Bouchard.
1:00 of 1st overtime period - Shot Blocked by Olli Maatta.
1:16 of 1st overtime period - Slapshot by Miro Heiskanen.
1:16 of 1st overtime period - Shot Blocked by Evan Bouchard.
1:18 of 1st overtime period - Snap shot by Artturi Lehkonen.
1:18 of 1st overtime period - Shot Blocked by David Perron.
1:20 of 1st overtime period - Slapshot by Noah Hanifin.
1:20 of 1st overtime period - Deflect By Artturi Lehkonen.
1:20 of 1st overtime period - Stopped by Juuse Saros without a rebound.
1:21 of 1st overtime period - Boone Jenner wins face-off versus Anton Lundell in Edmonton Oilers zone.
2:13 of 1st overtime period - Slapshot by Casey Mittelstadt.
2:13 of 1st overtime period - Stopped by Juuse Saros without a rebound.
2:14 of 1st overtime period - Artturi Lehkonen wins face-off versus David Perron in Edmonton Oilers zone.
2:23 of 1st overtime period - Snap shot by Casey Mittelstadt.
2:23 of 1st overtime period - Goal by Casey Mittelstadt - Vancouver Canucks : 4 - Edmonton Oilers : 3.
Goals for this period are 1 for Vancouver Canucks vs 0 for Edmonton Oilers.
Shots for this period are 4 for Vancouver Canucks vs 2 for Edmonton Oilers.
Back to the Top